 Dungeon Crawl Stone Soup version 0.22-a0-570-g58866f5 (webtiles) character file.

16076 Hebeh the Cleaver (level 12, -13/106 (107) HPs)
             Began as a Minotaur Fighter on June 30, 2018.
             Was a Priest of Trog.
             Mangled by a red ugly thing (19 damage)
             ... on level 12 of the Dungeon.
             The game lasted 00:43:58 (14863 turns).

Hebeh the Cleaver (Minotaur Fighter)               Turns: 14863, Time: 00:43:59

HP:   -13/106 (107) AC: 18    Str: 26    XL:     12   Next: 6%
MP:   14/14         EV:  6    Int:  5    God:    Trog [***...]
Gold: 524           SH: 19    Dex: 13    Spells: 11/11 levels left

rFire    . . .     SeeInvis .   a - +1 war axe
rCold    . . .     Gourm    .   c - +1 shield
rNeg     + . .     Faith    .   G - +0 plate armour
rPois    .         Spirit   .   (helmet restricted)
rElec    .         Reflect  +   (no cloak)
rCorr    .         Harm     .   C - +2 pair of gloves
MR       .....                  (no boots)
Stlth    ..........             m - +5 amulet of reflection
HPRegen  0.27/turn              g - +3 ring of dexterity
MPRegen  0.14/turn              v - ring of positive energy

@: drained
A: retaliatory headbutt, horns 2
a: Berserk, Trog's Hand, Renounce Religion


You were on level 12 of the Dungeon.
You worshipped Trog.
Trog was most pleased with you.
You were not hungry.

You visited 3 branches of the dungeon, and saw 14 of its levels.

You collected 524 gold pieces.

Inventory:

Hand Weapons
 a - a +1 war axe (weapon)
 b - a +1 mace of protection
Missiles
 w - 3 javelins (quivered)
Armour
 c - a +1 shield (worn)
 C - a +2 pair of gloves (worn)
 G - a +0 plate armour (worn)
 J - a +1 ring mail of fire resistance
Jewellery
 g - a +3 ring of dexterity (left hand)
 m - a +5 amulet of reflection (around neck)
 q - an uncursed ring of resist corrosion
 s - the ring "Futteamo" {Wiz rF++ Int+4 Dex-4, unknown}
   (You found it on level 12 of the Dungeon)

   [ring of wizardry]

   It improves your spell success rate.
   It affects your intelligence (+4).
   It affects your dexterity (-4).
   It greatly protects you from fire.
 v - a ring of positive energy (right hand)
Wands
 n - a wand of acid (5)
 u - a wand of iceblast (11)
 B - a wand of polymorph (20)
 D - a wand of scattershot (3)
 F - a wand of flame (33)
 K - a wand of clouds (4)
 O - a wand of random effects (25)
Scrolls
 e - 4 scrolls of identify
 i - 2 scrolls of magic mapping
 j - 8 scrolls of remove curse
 p - 4 scrolls of fog
 x - a scroll of teleportation
 y - a scroll of vulnerability {unknown}
 A - 2 scrolls of blinking
 E - a scroll of enchant weapon
 M - a scroll of silence
Potions
 d - a potion of might
 k - 3 potions of berserk rage
 o - a potion of ambrosia
 r - 3 potions of haste
 t - a potion of cancellation
 z - 4 potions of curing
 H - 2 potions of flight {unknown}
 I - a potion of invisibility {unknown}
 N - a potion of brilliance {unknown}
Miscellaneous
 h - a box of beasts
 l - a sack of spiders
Comestibles
 f - 20 rations


   Skills:
 + Level 10.5(10.4) Fighting
 * Level 13.6(13.5) Axes
 + Level 5.0(4.9) Throwing
 + Level 10.5(10.4) Armour
 + Level 10.4 Shields
 + Level 4.6(4.5) Evocations


You had 11 spell levels left.
You didn't know any spells.
Your spell library contained the following spells:

 Spells                   Type           Power        Failure   Level  Hunger
 Magic Dart               Conj           #...         100%        1    ##.....
 Conjure Flame            Conj/Fire      #.......     100%        3    ####...
 Slow                     Hex            #.......     100%        2    ###....
 Mephitic Cloud           Conj/Pois/Air  #.......     100%        3    ####...
 Blink                    Tloc           N/A          100%        2    ###....
 Call Imp                 Summ           #.......     100%        2    ###....


Dungeon Overview and Level Annotations

Branches:
Dungeon (12/15)            Temple (1/1) D:6            Lair (1/6) D:11
    Orc (0/2) D:9

Altars:
Ashenzari
Cheibriados
Dithmenos
Elyvilon
Fedhas
Gozag
Hepliaklqana
Kikubaaqudgha
Makhleb
Okawaru
Sif Muna
Trog
Uskayaw
Vehumet
Wu Jian
Xom
Yredelemnul
Zin
The Shining One

Annotations:
D:4 3 runed doors, Amnesiac's ghost, weakling SpWn; Deathmic's ghost, amateur TrBe


Innate Abilities, Weirdness & Mutations

You reflexively headbutt those who attack you in melee.
You have a pair of horns on your head.


Message History

You hit the red ugly thing. You headbutt the red ugly thing.
The red ugly thing is heavily wounded.
The deep elf mage gestures wildly while chanting.
You completely miss the red ugly thing. You headbutt the red ugly thing!
The red ugly thing is heavily wounded.
The red ugly thing bites you but does no damage.
The deep elf mage casts a spell.
The deep elf mage blinks!
You hit the red ugly thing but do no damage.
The red ugly thing is heavily wounded.
The red ugly thing bites you!
* * * LOW HITPOINT WARNING * * *
You are engulfed in flames!
* * * LOW HITPOINT WARNING * * *
You closely miss the red ugly thing. You headbutt the red ugly thing!
The red ugly thing is severely wounded.
The red ugly thing bites you!
* * * LOW HITPOINT WARNING * * *
You are engulfed in flames!!
You die...

#.##### #.# #.#
#.# #.#####
###.##...
##########......##
#.............#.#
#@#######.......##
#u#######.....#...
#Y......#..#.#####
#..##......#.#
#e.##.#.#.##.#
......#.#.##+##
..........#...##
?#.####.##....|##
##.#.......##


You could see a red ugly thing, a deep elf mage and an ice beast.

Vanquished Creatures
  A centaur warrior (D:9)
  2 two-headed ogres
  6 death yaks
  An unseen horror (D:12)
  A deep elf mage (D:12)
  A gargoyle (D:11)
  A troll (D:9)
  A tengu conjurer (D:9)
  2 polar bears (D:11)
  2 hippogriffs (D:8)
  Sigmund (D:6)
  Eustachio (D:4)
  A water elemental (D:11)
  11 yaks
  A wyvern (D:11)
  A steam dragon (D:11)
  Menkaure (D:4)
  A warg (D:9)
  6 orc warriors
  2 ice beasts (D:9)
  2 phantoms
  2 black bears
  3 necrophages
  5 ogres
  3 centaurs
  A big kobold (D:12)
  7 bullfrogs
  2 wyvern skeletons
  3 scorpions
  8 wights
  2 electric eels (D:11)
  4 crimson imps
  6 howler monkeys
  2 quasits
  8 hounds
  12 orc priests
  5 jellies
  12 orc wizards
  A gnoll shaman (D:9)
  4 iguanas
  Terence (D:2)
  7 worker ants
  A hound zombie (D:6)
  3 hound skeletons
  3 worker ant zombies
  13 adders
  15 gnolls
  A howler monkey skeleton (D:5)
  3 shadow imps
  5 oozes (D:8)
  2 adder zombies (D:8)
  An adder skeleton (D:7)
  3 worms (D:2)
  2 dart slugs
  2 leopard geckos
  30 orcs
  6 bats
  7 giant cockroaches
  12 goblins
  10 hobgoblins
  10 jackals
  12 kobolds
  4 quokkas
  A ball python (D:3)
  A ball python skeleton (D:4)
  5 frilled lizards
  A jackal zombie (D:9)
  2 leopard gecko skeletons
  7 rats
306 creatures vanquished.

Vanquished Creatures (others)
  3 withered plants (D:4)
3 creatures vanquished.

Grand Total: 309 creatures vanquished

Notes
Turn   | Place    | Note
-------+----------+-------------------------------------------
     0 | D:1      | Hebeh the Minotaur Fighter began the quest for the Orb.
     0 | D:1      | Reached XP level 1. HP: 19/19 MP: 0/0
    67 | D:1      | Reached XP level 2. HP: 24/27 MP: 1/1
   109 | D:1      | Reached skill level 3 in Axes
   706 | D:2      | Reached XP level 3. HP: 25/33 MP: 2/2
   825 | D:2      | Noticed Terence
   832 | D:2      | Killed Terence
   832 | D:2      | Reached XP level 4. HP: 40/40 MP: 3/3
   864 | D:2      | Reached skill level 4 in Axes
   994 | D:2      | Found a glowing golden altar of the Shining One.
  1427 | D:3      | Found a radiant altar of Vehumet.
  1444 | D:3      | Reached XP level 5. HP: 46/47 MP: 4/4
  2255 | D:4      | Noticed a centaur
  2264 | D:4      | Killed a centaur
  2264 | D:4      | Reached skill level 5 in Axes
  2264 | D:4      | Reached XP level 6. HP: 35/55 MP: 5/5
  2390 | D:4      | Found a snail-covered altar of Cheibriados.
  2398 | D:4      | Reached skill level 5 in Fighting
  2398 | D:4      | Reached skill level 5 in Armour
  2398 | D:4      | Reached skill level 5 in Shields
  2567 | D:4      | Found a runed gate.
  2572 | D:4      | Found a runed gate.
  2574 | D:4      | Found a runed gate.
  2599 | D:4      | Noticed Eustachio
  2613 | D:4      | Killed Eustachio
  2613 | D:4      | Reached skill level 6 in Axes
  2613 | D:4      | Reached XP level 7. HP: 44/61 MP: 6/6
  3000 | D:4      | Noticed Deathmic's ghost (amateur TrBe)
  3003 | D:4      | Noticed Amnesiac's ghost (weakling SpWn)
  3156 | D:4      | Noticed Menkaure
  3162 | D:4      | Killed Menkaure
  3611 | D:5      | Entered Level 5 of the Dungeon
  3624 | D:5      | Reached skill level 7 in Axes
  3713 | D:5      | Reached XP level 8. HP: 8/70 MP: 7/7
  4441 | D:5      | Found a hazy altar of Hepliaklqana.
  4554 | D:5      | Reached skill level 8 in Axes
  5068 | D:6      | Found a shadowy altar of Dithmenos.
  5238 | D:6      | Reached skill level 9 in Axes
  5710 | D:6      | Found a staircase to the Ecumenical Temple.
  5910 | D:6      | Found a snail-covered altar of Cheibriados.
  5994 | D:6      | Found a basalt altar of Yredelemnul.
  5995 | D:6      | Found a white marble altar of Elyvilon.
  6013 | D:6      | Noticed Sigmund
  6097 | D:6      | Killed Sigmund
  6097 | D:6      | Reached XP level 9. HP: 65/79 MP: 8/8
  6987 | Temple   | Entered the Ecumenical Temple
  7142 | Temple   | Became a worshipper of Trog the Wrathful
  7519 | D:8      | Reached skill level 10 in Axes
  7904 | D:8      | Found an ancient bone altar of Kikubaaqudgha.
  8021 | D:8      | Reached * piety under Trog
  8359 | D:8      | Reached skill level 11 in Axes
  8798 | D:9      | Reached XP level 10. HP: 89/89 MP: 9/9
  9143 | D:9      | Reached skill level 1 in Throwing
  9143 | D:9      | Reached skill level 1 in Evocations
  9228 | D:9      | Reached ** piety under Trog
  9508 | D:9      | Found a staircase to the Orcish Mines.
  9616 | D:9      | Noticed a centaur warrior
  9626 | D:9      | Killed a centaur warrior
  9728 | D:9      | Found a glowing silver altar of Zin.
  9758 | D:9      | Noticed a two-headed ogre
  9837 | D:9      | Killed a two-headed ogre
  9968 | D:9      | Reached skill level 12 in Axes
 10661 | D:10     | Entered Level 10 of the Dungeon
 10901 | D:9      | Reached XP level 11. HP: 62/96 MP: 12/12
 11121 | D:10     | Noticed a two-headed ogre
 11133 | D:10     | Killed a two-headed ogre
 11133 | D:10     | Reached *** piety under Trog
 11988 | D:11     | Noticed a death yak
 11993 | D:11     | Noticed a death yak
 11994 | D:11     | Noticed a death yak
 11996 | D:11     | Noticed a death yak
 11996 | D:11     | Noticed a death yak
 11996 | D:11     | Noticed a death yak
 12382 | D:11     | Found a staircase to the Lair.
 12457 | D:11     | Found a bloodstained altar of Trog.
 12522 | D:10     | Killed a death yak
 12522 | D:10     | Reached skill level 10 in Fighting
 12801 | D:11     | Killed a death yak
 12801 | D:11     | Reached skill level 10 in Armour
 12801 | D:11     | Reached skill level 10 in Shields
 12821 | D:11     | Killed a death yak
 12821 | D:11     | Reached skill level 13 in Axes
 12840 | D:10     | Killed a death yak
 13129 | D:11     | Killed a death yak
 13375 | D:11     | Killed a death yak
 13998 | Lair:1   | Entered Level 1 of the Lair of Beasts
 14065 | D:12     | Noticed a deep elf mage
 14122 | D:12     | Killed an unseen horror
 14122 | D:12     | Reached XP level 12. HP: 83/106 MP: 14/14
 14208 | D:12     | Got a brightly glowing platinum ring
 14560 | D:12     | Reached skill level 5 in Throwing
 14863 | D:12     | Mangled by a red ugly thing

Vault maps used:
D:1:      lightli_arrival_lavapool
D:2:      nicolae_tso_swordbearing_angel, uniq_terence
D:3:      old_standard_altar, first_ration, minmay_misc_feat_x
D:4:      gammafunk_ghost_cemetery, cheibriados_altar_1, uniq_eustachio,
          uniq_menkaure
D:5:      kennysheep_little_box
D:6:      lemuel_doored_altar, overflow_temple_1_default,
          yredelemnul_altar_generic, minmay_temple_entry_from_below_a,
          nicolae_dithmenos_through_a_glass_darkly, uniq_sigmund
D:8:      marbit_many_paths, hangedman_little_slice_of_home
D:9:      kennysheep_windowed_halls, kennysheep_mini, david_orc_3
D:11:     dpeg_lair_monsters, trog_ov_bears_minmay
D:12:     minmay_shrinking_squares
Temple:   regret_index_temple_generic_petals
Lair:1:   enter_volcano_4, ldierk_geyser

Skill      XL: |  1  2  3  4  5  6  7  8  9 10 11 12 |
---------------+-------------------------------------+-----
Axes           | 3 4 5 6 7 9 11 12 13 | 13.6
Fighting       | 4 5 6 7 8 9 10 | 10.5
Armour         | 4 5 6 7 8 9 10 | 10.5
Shields        | 4 5 6 7 8 9 10 | 10.4
Throwing       | 3 4 5 |  5.0
Evocations     | 2 4 |  4.6

Action                   |  1- 3 |  4- 6 |  7- 9 | 10-12 || total
-------------------------+-------+-------+-------+-------++-------
Melee: War axe           |    69 |   136 |   353 |   490 ||  1048
       Headbutt          |    10 |    24 |    59 |   100 ||   193
Throw: Javelin           |       |       |       |    17 ||    17
Invok: Berserk           |       |       |     1 |       ||     1
  Use: Scroll            |       |       |    17 |     4 ||    21
       Potion            |       |       |       |     1 ||     1
  Eat: Chunk             |       |     6 |    13 |    14 ||    33
       Ration            |       |       |     2 |     2 ||     4
Armor: Scale mail        |    39 |    60 |    87 |    29 ||   215
       Plate armour      |       |       |       |    95 ||    95
Dodge: Dodged            |    14 |    31 |    65 |    54 ||   164
Block: Shield            |    46 |   114 |   231 |   333 ||   724
       Reflection        |       |     7 |     3 |     3 ||    13

Table legend:
 A = Spawn XP
 B = Non-spawn XP
 C = Spawn XP percentage of total XP
 D = Spawn monster count
 E = Non-spawn monster count
 F = Spawn count percentage of total count
 G = Total turns spent on level
                    A         B        C        D         E        F      G
               +---------+---------+-------+---------+---------+-------+---------
         Total |       0 |   22967 |   0.0 |       0 |     306 |   0.0 | 14863
               +---------+---------+-------+---------+---------+-------+---------
           D:1 |       0 |      38 |   0.0 |       0 |      21 |   0.0 |   693
           D:2 |       0 |     144 |   0.0 |       0 |      26 |   0.0 |   676
           D:3 |       0 |      92 |   0.0 |       0 |      26 |   0.0 |   851
           D:4 |       0 |     891 |   0.0 |       0 |      19 |   0.0 |  1674
           D:5 |       0 |     787 |   0.0 |       0 |      28 |   0.0 |  1095
           D:6 |       0 |    1200 |   0.0 |       0 |      25 |   0.0 |  1454
           D:7 |       0 |     213 |   0.0 |       0 |       8 |   0.0 |   751
           D:8 |       0 |    2126 |   0.0 |       0 |      45 |   0.0 |  1402
           D:9 |       0 |    6111 |   0.0 |       0 |      57 |   0.0 |  2157
          D:10 |       0 |    2884 |   0.0 |       0 |       7 |   0.0 |  1408
          D:11 |       0 |    6680 |   0.0 |       0 |      29 |   0.0 |  1827
          D:12 |       0 |    1801 |   0.0 |       0 |      15 |   0.0 |   679
               +---------+---------+-------+---------+---------+-------+---------
